AoeStats
← efgpl

Highland

506878095Analyzed
2v2 RM · 16d ago on Sep 15, 2026· 15m 1s· 4 players
Game mode
Random Map
Map size
Medium (4 player)
Population
200
Speed
Normal
Resources
Standard
Victory
Conquest
Starting age
Dark Age
Ending age
Imperial Age
RankedLock teamsTeams togetherTeam positionsShared explorationLock speedFull tech treeHidden civsTurbo modeCheats
Victory
Defeat
🇨🇳 Mongols · China
1133
+15
🇹🇼 Italians · Taiwan
1084
+17
🇵🇱 Sicilians · Poland
1349
-24
🇵🇱 Malay · Poland
887
-8
WELL-pack
6:45 Loom
9:25 Feudal Age
9:57 Double-Bit Axe
10:58 Wheelbarrow
13:01 Horse Collar
efgpl
8:12 Loom
11:07 Feudal Age
10:58 Double-Bit Axe
牙痛
11:16 Feudal Age
11:43 Double-Bit Axe
11:49 Gold Mining
11:41 Horse Collar
13:00 Wheelbarrow
12:22 Town Watch
我是小菜鸡
10:01 Feudal Age
Connection lost

Rejoining the realm…

Still unreachable

The connection could not be restored.

Session expired

The server has moved on; the page needs a fresh start.